 Seeded DCSS version 0.29.1-15-g9cfb28693d (webtiles) character file.

Game seed: 6536406994649186872 (custom seed)

22216 Gelion the Destroyer (level 12, -6/71 HPs)
             Began as a Deep Elf Conjurer on Mar 5, 2023.
             Was an Initiate of Gozag.
             Mangled by a skeletal warrior
             ... wielding a +0 halberd
              (12 damage)
             ... on level 11 of the Dungeon.
             The game lasted 00:52:43 (17185 turns).

Gelion the Destroyer (Deep Elf Conjurer)           Turns: 17185, Time: 00:52:44

Health: -6/71      AC: 14    Str:  4    XL:     12   Next: 61%
Magic:  3/29       EV: 12    Int: 29    God:    Gozag
Gold:   2881       SH:  0    Dex: 13    Spells: 22/33 levels left

rFire   + + .      SeeInvis +   L - +3 Elemental Staff {rElec rF++ rC++ AC+5}
rCold   + + .      Faith    .   (no shield)
rNeg    . . .      Spirit   .   g - +2 robe {Will+}
rPois   +          Reflect  .   F - +0 helmet
rElec   +          Harm     .   (no cloak)
rCorr   .          Rampage  .   I - +2 pair of gloves
Will    ++...                   h - +0 pair of boots
Stlth   +++++.....              A - amulet of magic regeneration
HPRegen 0.21/turn               u - ring of poison resistance
MPRegen 0.61/turn               B - ring of see invisible

@: no status effects
A: no striking features
a: Renounce Religion, Potion Petition, Call Merchant, Bribe Branch


You were on level 11 of the Dungeon.
You worshipped Gozag.
Gozag was most pleased with you.
You visited 3 branches of the dungeon, and saw 15 of its levels.

You collected 3764 gold pieces.
You spent 721 gold pieces at shops.
You paid 162 gold pieces to Gozag.

Inventory:

Hand Weapons
 L - the +3 Elemental Staff (weapon) {rElec rF++ rC++ AC+5}
   (You found it on level 1 of the Lair of Beasts)

   If the wielder is skilled in Evocations, they can discharge powerful blasts
   of elemental energy when striking with it.
   It enhances your fire, ice, earth and air magic.
   AC:        It affects your AC (+5).
   rF:        It greatly protects you from fire.
   rC:        It greatly protects you from cold.
   rElec:     It insulates you from electricity.
Missiles
 N - a throwing net
Armour
 g - a +2 robe of willpower (worn)
 h - a +0 pair of boots (worn)
 w - a +0 buckler
 F - a +0 helmet (worn)
 I - a +2 pair of gloves (worn)
Jewellery
 u - a ring of poison resistance (left hand)
 A - an amulet of magic regeneration (around neck)
 B - a ring of see invisible (right hand)
Wands
 c - a wand of flame (29)
 i - a wand of mindburst (14)
 j - a wand of roots (27)
 l - a wand of quicksilver (32)
Scrolls
 m - 4 scrolls of immolation
 x - 8 scrolls of teleportation
 y - 2 scrolls of noise
 C - 4 scrolls of magic mapping
 D - 3 scrolls of enchant weapon
 E - 8 scrolls of identify
 G - 3 scrolls of amnesia {unknown}
 H - 2 scrolls of blinking
 J - 2 scrolls of summoning {unknown}
 K - a scroll of butterflies {unknown}
 M - a scroll of fear {unknown}
 O - 2 scrolls of enchant armour {unknown}
Potions
 a - 2 potions of curing
 b - 2 potions of magic
 d - 2 potions of resistance
 e - a potion of cancellation {unknown}
 f - 3 potions of haste {unknown}
 k - 10 potions of brilliance
 n - a potion of degeneration {unknown}
 o - 5 potions of invisibility
 p - 3 potions of attraction
 q - a potion of ambrosia {unknown}
 r - 3 potions of flight {unknown}
 s - 4 potions of lignification {unknown}
 t - 5 potions of mutation
 v - 3 potions of heal wounds {unknown}
 z - 4 potions of might {unknown}


   Skills:
 + Level 6.8 Fighting
 + Level 8.2 Staves
 - Level 2.4 Dodging
 + Level 10.9 Stealth
 + Level 11.1 Spellcasting
 * Level 13.4 Conjurations
 + Level 5.6 Transmutations
 + Level 5.1 Air Magic


You had 22 spell levels left.
You knew the following spells:

 Your Spells              Type           Power      Damage    Failure   Level
a - Magic Dart            Conj           100%       1d8       0%          1
b - Searing Ray           Conj           100%       2d8       1%          2
c - Iskenderun's Mystic   Conj/Tloc      53%        2d11      1%          4
d - Airstrike             Air            31%        2d(5-21)  4%          4

Your spell library contained the following spells:

 Spells                   Type           Power      Damage    Failure   Level
 Shock                    Conj/Air       100%       1d9       1%          1
 Passwall                 Tmut/Erth      40%        N/A       1%          2
 Poisonous Vapours        Pois/Air       92%        N/A       1%          2
 Dazzling Flash           Conj/Hex       100%       N/A       1%          3
 Mephitic Cloud           Conj/Pois/Air  67%        N/A       1%          3
 Swiftness                Air            62%        N/A       1%          3
 Fulminant Prism          Conj/Hex       26%        3d14      1%          4
 Spider Form              Tmut/Pois      32%        N/A       3%          3
 Blink                    Tloc           32%        N/A       4%          2
 Ensorcelled Hibernation  Hex/Ice        48%        N/A       4%          2
 Sublimation of Blood     Necr           16%        N/A       4%          2
 Ignite Poison            Fire/Tmut/Pois 40%        N/A       4%          3
 Freezing Cloud           Conj/Ice/Air   43%        6-21      8%          5
 Call Canine Familiar     Summ           16%        N/A       10%         3
 Frozen Ramparts          Ice            48%        1d8       10%         3
 Gell's Gravitas          Tloc           16%        N/A       10%         3
 Portal Projectile        Hex/Tloc       32%        N/A       10%         3
 Teleport Other           Tloc           16%        N/A       10%         3
 Ice Form                 Ice/Tmut       48%        N/A       11%         4
 Anguish                  Hex/Necr       8%         N/A       32%         4
 Dispel Undead            Necr           16%        3d10      32%         4
 Leda's Liquefaction      Hex/Erth       12%        N/A       32%         4
 Summon Ice Beast         Ice/Summ       24%        N/A       32%         4
 Borgnjor's Vile Clutch   Necr/Erth      12%        N/A       67%         5
 Manifold Assault         Tloc           16%        N/A       67%         5
 Storm Form               Tmut/Air       31%        N/A       97%         7
 Dispersal                Tloc           8%         N/A       99%         6
 Haunt                    Necr/Summ      8%         N/A       100%        7
 Chain Lightning          Conj/Air       40%        3d54      100%        9


Dungeon Overview and Level Annotations

Branches:
Dungeon (11/15)            Temple (1/1) D:7            Lair (3/5) D:8
  Swamp (0/4) Lair:2       Spider (0/4) Lair:2
    Orc: D:9-12

Altars:
Ashenzari
Cheibriados
Dithmenos
Elyvilon
Fedhas
Gozag
Hepliaklqana
Kikubaaqudgha
Makhleb
Nemelex Xobeh
Okawaru
Qazlal
Ru
Sif Muna
Trog
Uskayaw
Vehumet
Wu Jian
Xom
Yredelemnul
Zin
The Shining One

Shops:
D:1 *(   D:9 *


Message History

Confirm with . or Enter, or press ? or * to list all spells.
You erupt in a blast of force!
The mystic blast hits the skeletal warrior but does no damage.
The skeletal warrior is heavily damaged.
The skeletal warrior hits you with a +0 flail.
The skeletal warrior attacks as you move away!
The skeletal warrior hits you but does no damage.
There is an open door here.
Casting: Iskenderun's Mystic Blast (dangerous; 1% risk of failure)
Confirm with . or Enter, or press ? or * to list all spells.
You erupt in a blast of force!
The mystic blast hits the skeletal warrior but does no damage.
The skeletal warrior is heavily damaged.
The skeletal warrior hits you with a +0 flail!
* * * LOW HITPOINT WARNING * * *
The skeletal warrior attacks as you move away!
The skeletal warrior completely misses you.
The skeletal warrior attacks as you move away!
The skeletal warrior hits you but does no damage.
The skeletal warrior closely misses you.
Casting: Iskenderun's Mystic Blast (dangerous; 1% risk of failure)
Confirm with . or Enter, or press ? or * to list all spells.
You erupt in a blast of force!
The mystic blast hits the skeletal warrior!
The skeletal warrior is severely damaged.
The skeletal warrior is knocked back by the mystic blast.
There is a stone staircase leading up here.
Casting: Iskenderun's Mystic Blast (dangerous; 1% risk of failure)
Confirm with . or Enter, or press ? or * to list all spells.
You erupt in a blast of force!
The mystic blast hits the skeletal warrior but does no damage.
The skeletal warrior is heavily damaged.
Casting: Iskenderun's Mystic Blast (dangerous; 1% risk of failure)
Confirm with . or Enter, or press ? or * to list all spells.
You don't have enough magic to cast this spell.
The skeletal warrior hits you with a +0 short sword!
* * * LOW HITPOINT WARNING * * *
The skeletal warrior hits you from afar with a +0 halberd!
You die...
Your body crumbles into a pile of gold.

# ###'### #.....#
#.....# #..#..#
####..##############
#................#
#.>..............#
#.........z......#
#.........zz@....#
##################


You could see 3 skeletal warriors.

Vanquished Creatures
  3 two-headed ogres
  Sonja (Lair:1)
  A skeletal warrior (D:11)
  Pikel (D:6)
  A black mamba (Lair:1)
  Maggie (D:6)
  A cane toad (Lair:1)
  An unseen horror (D:10)
  A rime drake (Lair:2)
  A troll (D:8)
  5 tyrant leeches (Lair:2)
  Grinder (D:5)
  3 blink frogs (Lair:1)
  A hornet (D:9)
  2 jumping spiders (Lair:2)
  5 wyverns
  36 yaks
  A redback (Lair:2)
  Eustachio (D:6)
  Menkaure (D:5)
  2 steam dragons
  3 vampire mosquitoes (D:11)
  A swamp worm (Lair:2)
  An acid dragon (D:11)
  4 water moccasins
  3 orc warriors
  3 sky beasts
  2 ice beasts
  4 black bears
  8 ogres
  18 wolves
  8 centaurs
  A lemure (D:6)
  2 phantoms (D:4)
  A kobold brigand (D:7)
  7 bullfrogs
  2 necrophages
  2 gnoll sergeants
  4 scorpions
  A water moccasin zombie (D:4)
  19 wights
  The ghost of ShadowTiger the Trooper, a weakling DrBe of Trog (D:3)
  4 killer bees
  4 howler monkeys
  3 electric eels (D:9)
  A jelly (D:8)
  5 hounds
  4 orc priests
  A gnoll bouda (D:8)
  Natasha (thrice) (D:2)
  Terence (D:2)
  7 orc wizards
  A scorpion zombie (D:4)
  3 hound zombies (D:4)
  Robin (D:4)
  2 howler monkey zombies (D:4)
  12 adders
  11 gnolls
  2 white imps
  3 ufetubi
  2 adder zombies (D:4)
  An adder skeleton (D:4)
  A worm (D:3)
  2 dart slugs
  15 orcs
  9 endoplasms
  3 giant cockroaches
  21 goblins
  15 hobgoblins
  3 jackals (D:1)
  12 kobolds
  4 quokkas
  6 ball pythons
  6 bats
  3 frilled lizards
  A goblin skeleton (D:6)
  4 hobgoblin zombies (D:6)
  3 kobold skeletons (D:6)
  An orc zombie (D:6)
  8 rats
  A spectral kobold (D:2)
354 creatures vanquished.

Vanquished Creatures (others)
  15 fungi
  32 plants
  2 withered plants (D:4)
49 creatures vanquished.

Grand Total: 403 creatures vanquished

Notes
Turn   | Place    | Note
-------+----------+-------------------------------------------
     0 | D:1      | Gelion the Deep Elf Conjurer began the quest for the Orb.
     0 | D:1      | Reached XP level 1. HP: 10/10 MP: 6/6
   181 | D:1      | Reached XP level 2. HP: 16/16 MP: 5/8
   674 | D:1      | Found Byog's Assorted Antiques.
   801 | D:1      | Reached XP level 3. HP: 20/20 MP: 5/9
  1137 | D:1      | Found Kowkofi's Weapon Shoppe.
  1145 | D:1      | Learned a level 2 spell: Searing Ray
  1429 | D:2      | Reached skill level 1 in Fighting
  1429 | D:2      | Reached skill level 5 in Conjurations
  1465 | D:2      | Found a faded altar of an unknown god.
  1532 | D:2      | Reached skill level 1 in Staves
  1532 | D:2      | Reached XP level 4. HP: 25/25 MP: 5/11
  1727 | D:2      | Noticed Terence
  1741 | D:2      | Killed Terence
  2291 | D:2      | Noticed Natasha
  2294 | D:2      | Killed Natasha
  2404 | D:2      | Noticed Natasha
  2416 | D:2      | Killed Natasha
  2417 | D:2      | Reached XP level 5. HP: 20/29 MP: 7/13
  2511 | D:2      | Noticed Natasha
  2516 | D:2      | Killed Natasha
  2782 | D:3      | Found a snail-covered altar of Cheibriados.
  3076 | D:3      | Found a runed translucent door.
  3076 | D:3      | Noticed ShadowTiger's ghost (weakling DrBe)
  3304 | D:3      | Identified the +6 ring mail "Culuisew" {-Tele +Inv rElec}
  4005 | D:3      | Learned a level 4 spell: Iskenderun's Mystic Blast
  4017 | D:3      | Killed ShadowTiger's ghost
  4018 | D:3      | Reached XP level 6. HP: 27/35 MP: 0/14
  4120 | D:3      | Identified a scroll of acquirement
  4120 | D:3      | Acquired 1203 gold pieces
  4154 | D:1      | Bought a blackened wooden wand for 96 gold pieces
  4154 | D:1      | Bought a scroll of identify for 48 gold pieces
  4154 | D:1      | Bought a scroll labelled FUAPAI YSUYGYT for 24 gold pieces
  4154 | D:1      | Bought a sapphire potion for 21 gold pieces
  4154 | D:1      | Bought a purple potion for 21 gold pieces
  4154 | D:1      | Bought a twisted jade ring for 120 gold pieces
  4154 | D:1      | Bought a bubbling emerald potion for 21 gold pieces
  4417 | D:4      | Reached skill level 6 in Conjurations
  4575 | D:4      | Identified the +7 ring mail of Wasted Space {rPois}
  4757 | D:4      | Reached skill level 5 in Spellcasting
  4757 | D:4      | Reached XP level 7. HP: 40/40 MP: 9/16
  5039 | D:4      | Noticed Robin
  5045 | D:4      | Killed Robin
  5099 | D:4      | Reached skill level 5 in Stealth
  5408 | D:4      | Reached skill level 7 in Conjurations
  5460 | D:4      | Reached XP level 8. HP: 15/45 MP: 3/18
  5946 | D:5      | Entered Level 5 of the Dungeon
  6090 | D:5      | Noticed Menkaure
  6100 | D:5      | Killed Menkaure
  6373 | D:5      | Reached skill level 8 in Conjurations
  6554 | D:5      | Noticed Grinder
  6566 | D:5      | Killed Grinder
  6915 | D:5      | Found a hazy altar of Hepliaklqana.
  6916 | D:5      | Found a shimmering altar of Xom.
  6917 | D:5      | Noticed a spectral ugly thing
  6994 | D:5      | Reached XP level 9. HP: 34/52 MP: 17/21
  7298 | D:6      | Reached skill level 9 in Conjurations
  7424 | D:6      | Noticed Maggie
  7651 | D:6      | Noticed Pikel
  7664 | D:6      | HP: 2/52 [constriction (8)]
  7667 | D:6      | Killed Pikel
  7668 | D:6      | Reached skill level 5 in Staves
  7960 | D:6      | Killed Maggie
  7961 | D:6      | Reached skill level 10 in Conjurations
  8106 | D:6      | Found a glowing golden altar of the Shining One.
  8398 | D:6      | Found a bloodstained altar of Trog.
  8513 | D:6      | Found a radiant altar of Vehumet.
  8513 | D:6      | Noticed Eustachio
  8528 | D:6      | Killed Eustachio
  8529 | D:6      | Reached XP level 10. HP: 49/58 MP: 17/24
  9305 | D:7      | Reached skill level 5 in Fighting
  9528 | D:7      | Found a sparkling altar of Nemelex Xobeh.
  9589 | D:7      | Found a staircase to the Ecumenical Temple.
  9605 | Temple   | Entered the Ecumenical Temple
  9740 | Temple   | Became a worshipper of Gozag Ym Sagoz the Greedy
 10310 | D:8      | Learned a level 4 spell: Airstrike
 10346 | D:8      | Found a staircase to the Lair.
 10360 | Lair:1   | Entered Level 1 of the Lair of Beasts
 10387 | Lair:1   | Noticed a cane toad
 10395 | Lair:1   | Killed a cane toad
 10435 | Lair:1   | Noticed a black mamba
 10442 | Lair:1   | Killed a black mamba
 10443 | Lair:1   | Reached skill level 11 in Conjurations
 10443 | Lair:1   | Reached skill level 1 in Transmutations
 10443 | Lair:1   | Reached skill level 1 in Air Magic
 10749 | Lair:1   | Found a shadowy altar of Dithmenos.
 11084 | Lair:1   | Found the +3 Elemental Staff {rElec rF++ rC++ AC+5}
 11097 | Lair:1   | Noticed Sonja
 11105 | Lair:1   | Killed Sonja
 11106 | Lair:1   | Reached XP level 11. HP: 55/64 MP: 18/26
 11405 | Lair:1   | Acquired the Catalogue of the Windy Grave
 12461 | Lair:2   | Reached skill level 12 in Conjurations
 12989 | Lair:2   | Found a staircase to the Swamp.
 13181 | Lair:2   | Reached skill level 10 in Spellcasting
 13348 | Lair:2   | Found a hole to the Spider Nest.
 13596 | Lair:3   | Noticed a lindwurm
 13737 | D:8      | Reached skill level 10 in Stealth
 14094 | D:8      | Noticed a two-headed ogre
 14103 | D:8      | Killed a two-headed ogre
 14214 | D:8      | Noticed a two-headed ogre
 14222 | D:8      | Killed a two-headed ogre
 14223 | D:8      | Reached XP level 12. HP: 71/71 MP: 18/28
 14480 | D:9      | Found a broken altar of Ashenzari.
 14788 | D:9      | Found a blossoming altar of Fedhas.
 14790 | D:9      | Found a shadowy altar of Dithmenos.
 14791 | D:9      | Found a white marble altar of Elyvilon.
 15031 | D:9      | Reached skill level 5 in Transmutations
 15110 | D:9      | Found Odirinnef's General Store.
 15118 | D:9      | Bought a potion of brilliance for 52 gold pieces
 15118 | D:9      | Bought a scroll of identify for 26 gold pieces
 15118 | D:9      | Bought 3 scrolls of magic mapping for 292 gold pieces
 15145 | D:9      | Reached skill level 13 in Conjurations
 15533 | D:10     | Entered Level 10 of the Dungeon
 15600 | D:10     | Noticed a two-headed ogre
 15603 | D:10     | Killed a two-headed ogre
 15624 | D:10     | Identified the +3 leather armour "Kueloi" {Fly Int-3 Dex+4
                  | SInv}
 16348 | D:10     | Found a burning altar of Makhleb.
 16802 | D:11     | Reached skill level 5 in Air Magic
 17185 | D:11     | Mangled by a skeletal warrior

Illustrated notes

Levels and vault maps discovered:
D:1:      dpeg_arrival_morbid_curiosity, layout_loops_ring, serial_shops, shop,
          shop, minmay_tromino_v4_c
D:2:      layout_basic, dreamdust_ecumenical_altar_drowned_temple,
          minmay_misc_feat_enclosed, uniq_natasha, uniq_terence
D:3:      kennysheep_the_goblin_king, layout_basic,
          mainiacjoe_overflow_cross_hatched, hellmonk_ghost_happy_afterlife
D:4:      layout_loops_ring, serial_undead, serial_undead_c, serial_undead_a,
          serial_undead_e, serial_undead_e, uniq_robin
D:5:      layout_basic, regret_index_temple_of_mockery, grunt_ministairs_15,
          uniq_grinder, uniq_menkaure
D:6:      layout_cave_pods, nicolae_tso_besieged_by_evil, old_standard_altar,
          vehumet_altar_wand_db, uniq_maggie, uniq_eustachio, uniq_pikel
D:7:      layout_loops_cross, nemelex_dance_club_becter,
          minmay_temple_entry_offerings, serial_glass, glass_columns_b,
          glass_columns_a
D:8:      layout_rooms, dpeg_oklobed_lair, kennysheep_kite_vault
D:9:      layout_basic, chequers_temple_overflow_statue_of_worship,
          evilmike_ruin_ashenzari, serial_shops, shop, serial_bayou,
          serial_bayou_lake_a, serial_bayou_pond_d, serial_bayou_pond_e,
          serial_bayou_pond_b, serial_bayou_ford_a
D:10:     layout_roguey, mainiacjoe_overflow_catwalk
D:11:     layout_gridville, serial_shops, shop, minmay_holes
Temple:   hellmonk_temple_beads
Lair:1:   layout_gridlike, st_stairs_5, lemuel_centaur_altar,
          lemuel_fruit_fields, grunt_megastairs_1, infiniplex_staircase_pool_2,
          uniq_sonja
Lair:2:   layout_chaotic_city, minmay_swamp_entry_worms,
          spider_nest_entry_funnel_web
Lair:3:   layout_long_grid, kennysheep_catoblepas_arena, lemuel_fruit_tree,
          infiniplex_staircase_pool

Skill      XL: |  1  2  3  4  5  6  7  8  9 10 11 12 |
---------------+-------------------------------------+-----
Stealth        | 3 4 5 6 8 9 10 | 10.9
Fighting       | 1 2 3 4 5 6 |  6.8
Conjurations   | 5 6 7 8 10 11 12 13 | 13.4
Staves         | 1 2 3 4 5 6 7 8 |  8.2
Spellcasting   | 4 5 7 8 9 10 11 | 11.1
Transmutations | 2 4 5 |  5.6
Air Magic      | 2 4 5 |  5.1
Dodging        | |  2.4

Action                   |  1- 3 |  4- 6 |  7- 9 | 10-12 || total
-------------------------+-------+-------+-------+-------++-------
Melee: Staff             |       |       |    24 |    13 ||    37
       Punch             |       |       |     1 |       ||     1
 Cast: Magic Dart        |    77 |    76 |   140 |   157 ||   450
       Searing Ray       |     3 |    19 |    56 |   139 ||   217
       Iskenderun's Myst |       |     2 |     8 |   136 ||   146
       Airstrike         |       |       |       |     7 ||     7
  Use: Scroll            |       |     9 |     5 |     1 ||    15
       Potion            |       |       |     2 |       ||     2
Armor: Robe              |     1 |     3 |    13 |    67 ||    84
Dodge: Dodged            |     5 |    12 |    38 |   144 ||   199
